[Event "*** Titled Tuesday Blitz"]
[Site "Chess.com"]
[Date "2021.02.02"]
[Round "6"]
[White "Noam_Vitenberg"]
[Black "1977Ivan"]
[Result "0-1"]
[WhiteElo "2500"]
[BlackElo "2707"]
[TimeControl "180+1"]
[EndTime "11:08:42 PST"]
[Termination "1977Ivan won on time"]

1. Nf3 d5 2. e3 Nf6 3. Be2 g6 4. d4 Bg7 5. O-O O-O 6. c4 c5 7. Nc3 cxd4 8. exd4 Nc6 9. Bg5 Be6 10. c5 Ne4 11. Bb5 Nxg5 12. Nxg5 Nxd4 13. Nxe6 fxe6 14. Ba4 Qc7 15. Rc1 Qxc5 16. Bd7 Qd6 17. Ba4 Rf7 18. Qd2 Raf8 19. Ne2 Nxe2+ 20. Qxe2 Rf4 21. Bb3 Bd4 22.
Kh1 Rxf2 23. Rxf2 Rxf2 24. Qb5 Bb6 25. Re1 Kg7 26. Qd3 Bc7 27. g3 Rf6 28. Rc1 Bb6 29. Re1 h5 30. Rd1 Qc5 31. Bc2 Qf2 32. a3 e5 33. b4 e4 34. Qb3 Qe2 35. Rb1 Rf1+ 0-1

[Event "*** Titled Tuesday Blitz"]
[Site "Chess.com"]
[Date "2021.02.02"]
[Round "6"]
[White "lucachess49"]
[Black "onnoelgersma"]
[Result "1-0"]
[WhiteElo "2336"]
[BlackElo "2460"]
[TimeControl "180+1"]
[EndTime "11:08:42 PST"]
[Termination "lucachess49 won by resignation"]

1. d4 d5 2. c4 e6 3. Nc3 Nf6 4.
cxd5 exd5 5. Bg5 c6 6. e3 Bd6 7. Bd3 O-O 8. Qc2 h6 9. Bh4 Re8 10. Nge2 a5 11. O-O-O Na6 12. Bf5 Bxf5 13. Qxf5 Qd7 14.
Qxd7 Nxd7 15. Rhe1 Nb6 16. Bg3 Bb4 17. a3 Bf8 18. Nf4 Nc4 19. Nd3 Rad8 20. Ne5 Nd6 21. f3 f5 22. Ng6 Nc4 23. Nxf8 Rxf8 24. e4 fxe4 25. fxe4 dxe4 26. Rxe4 Rfe8 27. Rxe8+ Rxe8 28. d5 cxd5 29. Rxd5 Ne3 30. Rxa5 Nxg2 31. Rb5 h5 32. Rxh5 b6 33. b4 Rc8 34. Kb2 Ne3 35. Nd5 Rc2+ 36. Kb3 Re2 37. Re5 Nc2 38. Rxe2 Nd4+ 39. Kc4 Nxe2 40.
Nxb6 Nxg3 41. hxg3 Nc7 42. a4 1-0

[Event "*** Titled Tuesday Blitz"]
[Site "Chess.com"]
[Date "2021.02.02"]
[Round "6"]
[White "nikitadovbnya2008"]
[Black "jorquerino"]
[Result "1-0"]
[WhiteElo "2144"]
[BlackElo "2276"]
[TimeControl "180+1"]
[EndTime "11:08:42 PST"]
[Termination "nikitadovbnya2008 won on time"]

1. Nf3 Nf6 2. c4 g6 3. Nc3 Bg7 4. e4 d6 5. d4 O-O 6. Be2 Nbd7 7. Be3 e5 8. d5 Ng4 9. Bg5 Bf6 10. Bd2 Bg7 11. h3 Ngf6 12. Be3 Nh5 13. g3 f5 14.
Ng5 Ndf6 15. exf5 h6 16. Ne6 Bxe6 17. dxe6 Qe8 18. e7 Qxe7 19. fxg6 Nf4 20. gxf4 exf4 21. Bxf4 Ne4 22. Qd5+ Kh8 23. Nxe4 Rxf4 24. f3 Qh4+ 25. Kd2 Re8 26. Rae1 Re5 27. Qxb7 Re8 28. Qxc7 Qh5 29. Nxd6 Rd4+ 30. Kc2 Qxg6+ 31. Ne4 Qa6 32. Rhg1 1-0

[Event "*** Titled Tuesday Blitz"]
[Site "Chess.com"]
[Date "2021.02.02"]
[Round "6"]
[White "IljaJoke"]
[Black "Eloist"]
[Result "0-1"]
[WhiteElo "2496"]
[BlackElo "2366"]
[TimeControl "180+1"]
[EndTime "11:08:43 PST"]
[Termination "Eloist won by checkmate"]

1. d4 e6 2. c4 Nf6 3. g3 d5 4.
Nf3 Be7 5. Bg2 O-O 6. O-O c6 7.
Qc2 Nbd7 8. Nbd2 b6 9. e4 dxc4 10. Nxc4 Bb7 11. Rd1 c5 12. dxc5 Bxe4 13. Qe2 Bxc5 14.
Nce5 Bd5 15. Nxd7 Qxd7 16. Be3 Bxe3 17. Qxe3 Qb7 18. Ne1 Bxg2 19. Nxg2 Rfd8 20. h3 h6 21. Nf4 Qe4 22. Qxe4 Nxe4 23. Nd3 Rd4 24. Ne5 Rad8 25. Rxd4 Rxd4 26. Rc1 f6 27. Nf3 Rd7 28. Rc2 Kf7 29.
Kf1 g5 30. Ke2 Nc5 31. b4 Nd3 32. a3 Ke7 33. Ke3 e5 34. g4 Nf4 35. h4 Rd3+ 36.
Ke4 Rxa3 37. h5 Ne6 38. Nd2 Ra4 39. Rb2 a5 40. Kf5 Kf7 41. Ne4 Nd4# 0-1

[Event "*** Titled Tuesday Blitz"]
[Site "Chess.com"]
[Date "2021.02.02"]
[Round "6"]
[White "sergiochess83"]
[Black "PotapovaM"]
[Result "1-0"]
[WhiteElo "2852"]
[BlackElo "2640"]
[TimeControl "180+1"]
[EndTime "11:08:44 PST"]
[Termination "sergiochess83 won by checkmate"]

1. e4 c5 2. Nf3 d6 3. d4 cxd4 4.
Nxd4 Nf6 5. Nc3 a6 6. a4 g6 7. Be2 Bg7 8. Be3 O-O 9. O-O Nc6 10. Qd2 Bd7 11. Rfd1 Rc8 12. Nxc6 Bxc6 13. f3 Qc7 14. a5 Bd7 15. Bb6 Qb8 16. Bd4 Be6 17. Na4 Nd7 18. Bxg7 Kxg7 19. Qd4+ f6 20. c4 Qc7 21. b4 Ne5 22. Nb6 Rcd8 23. f4 Nd7 24.
Nd5 Bxd5 25. exd5 Kg8 26. Ra3 f5 27. Re3 Nf6 28. Bd3 Rf7 29. Rde1 Rb8 30. c5 dxc5 31. bxc5 Rd8 32. Bc4 Kg7 33. d6 exd6 34. Bxf7 dxc5 35.
Qc4 Rd4 36. Qa2 Ne4 37. Bd5 Rd2 38. Qa1+ Kh6 39. Bxe4 fxe4 40. Rh3# 1-0

[Event "*** Titled Tuesday Blitz"]
[Site "Chess.com"]
[Date "2021.02.02"]
[Round "6"]
[White "hangemhigh"]
[Black "LenkaPtacnikova"]
[Result "0-1"]
[WhiteElo "2263"]
[BlackElo "2128"]
[TimeControl "180+1"]
[EndTime "11:08:44 PST"]
[Termination "LenkaPtacnikova won by checkmate"]

1. Nf3 c5 2. g3 g6 3. Bg2 Bg7 4. O-O e5 5. e4 Nc6 6. a3 Nge7 7. d3 O-O 8. b4 cxb4 9. axb4 Nxb4 10. Ba3 a5 11.
Nbd2 Re8 12. Nc4 d5 13. Ncxe5 dxe4 14. dxe4 Qxd1 15. Rfxd1 Nxc2 16. Ra2 Nxa3 17. Rxa3 Be6 18. Rb1 Nc6 19. Nxc6 bxc6 20. Rc1 Bb2 21. Rcc3 Bxc3 22.
Rxc3 a4 23. Ra3 Bb3 24. Nd4 Rab8 25. Nxc6 Rbc8 26. e5 Re6 27. Nd4 Rc1+ 28. Bf1 Bc4 29. Nxe6 Rxf1+ 30. Kg2 fxe6 31. Rxa4 Rc1 32. Ra7 Bd5+ 33.
Kh3 Rc2 34. f4 Be4 35. Kg4 h6 36. h4 Rc3 37. h5 Bf5+ 38. Kh4 gxh5 39. Re7 Rd3 40.
Kxh5 Rxg3 41. Kxh6 Rg4 42. Ra7 Kf8 43. Rd7 Rxf4 44.
Kg5 Rg4+ 45. Kf6 Rg6# 0-1

[Event "*** Titled Tuesday Blitz"]
[Site "Chess.com"]
[Date "2021.02.02"]
[Round "6"]
[White "Ajedrez_con_German"]
[Black "anon132639"]
[Result "0-1"]
[WhiteElo "2617"]
[BlackElo "2807"]
[TimeControl "180+1"]
[EndTime "11:08:47 PST"]
[Termination "anon132639 won on time"]

1. d4 Nf6 2. Nc3 d5 3. Bf4 Bf5 4. e3 e6 5. Bd3 Bxd3 6. cxd3 Be7 7. Nf3 O-O 8. h3 b6 9. O-O c5 10. dxc5 bxc5 11. Rc1 Nc6 12. Ne5 Nxe5 13. Bxe5 Qa5 14.
Na4 Rfc8 15. b3 Nd7 16. Bc3 Qa6 17. Qg4 Bf8 18. Bb2 Nb6 19. Nxc5 Qxa2 20. Bd4 Qa3 21. Ra1 Qb4 22. Na4 Qxb3 23. Nxb6 axb6 24. Qd1 Qxd1 25.
Rfxd1 b5 26. Rab1 b4 27. Rb3 Ra3 28. Rdb1 Bd6 29. Kf1 e5 30. Rxa3 bxa3 31. Ba1 a2 32.
Rd1 f6 33. Ke2 Bb4 34. Kf3 Rc2 35. e4 d4 36. Kg3 g5 37. f3 Bc3 38. Kg4 Rxg2+ 39.
Kf5 Kf7 40. h4 gxh4 41. f4 Rf2 42. Kg4 Rxf4+ 43. Kh3 Ke6 0-1

[Event "*** Titled Tuesday Blitz"]
[Site "Chess.com"]
[Date "2021.02.02"]
[Round "6"]
[White "BlueWizzard"]
[Black "chessablanca"]
[Result "1-0"]
[WhiteElo "2763"]
[BlackElo "2503"]
[TimeControl "180+1"]
[EndTime "11:08:47 PST"]
[Termination "BlueWizzard won by resignation"]

1. d4 Nf6 2. g4 Nxg4 3. e4 Nf6 4.
e5 Ng8 5. Nc3 d6 6. Bf4 dxe5 7.
dxe5 Qxd1+ 8. Rxd1 Be6 9. Nf3 c6 10. Nd4 Bg4 11. f3 Bd7 12. e6 fxe6 13. Ne4 Nf6 14.
Ng5 Na6 15. Bc4 Nd5 16. Be5 Nc5 17. Kf2 h6 18. Ne4 Nxe4+ 19. fxe4 Nf6 20. Kf3 g5 21. Bxe6 Bxe6 22. Nxe6 Kf7 23. Nc5 Bg7 24. Nxb7 g4+ 25. Kg2 Nxe4 26. Bxg7 Kxg7 27. Rhe1 Nf6 28. Rxe7+ Kg6 29. Rd6 Rhe8 30. Rde6 Rxe7 31. Rxe7 Re8 32. Rxe8 Nxe8 33. Na5 c5 34. Nc6 a6 35. Nb8 Nc7 36.
Nd7 Ne6 37. c3 Kf5 38. b4 cxb4 39. cxb4 Nf4+ 40. Kg3 Nd3 41. a3 Nb2 42. Nc5 Nc4 43. a4 a5 44. b5 Kg5 45. Ne6+ Kf5 46. Nd4+ Ke4 47. Nc6 Kf5 48. Kh4 Kf4 49. Nd4 Nb6 50.
Nb3 Kf3 51. Nxa5 Nxa4 52. Nc4 Nc5 53. Ne5+ Kg2 54. Nxg4 Kf3 55. Kh5 Ke4 56. Kxh6 Kd4 57. b6 Kc4 58. Kg7 Kb5 59. Kf7 Kxb6 60. h4 Ne4 61. h5 Kc5 62. h6 Ng5+ 63. Ke7 Kd5 64. Kf6 Nh7+ 65. Kg6 Nf8+ 66. Kg7 Ne6+ 67. Kf6 Nf8 68.
Ke7 Ng6+ 69. Kf7 Nf4 70. h7 Nh3 71. h8=Q Ng5+ 72. Ke8 Ne6 1-0

[Event "*** Titled Tuesday Blitz"]
[Site "Chess.com"]
[Date "2021.02.02"]
[Round "6"]
[White "Azerichess"]
[Black "Evgeny81"]
[Result "1-0"]
[WhiteElo "3000"]
[BlackElo "2744"]
[TimeControl "180+1"]
[EndTime "11:08:48 PST"]
[Termination "Azerichess won on time"]

1. d4 Nf6 2. Bg5 e6 3. e4 h6 4. Bxf6 Qxf6 5. Nc3 Bb4 6. Qd2 d6 7. a3 Bxc3 8. Qxc3 Nc6 9. Ne2 O-O 10. f4 e5 11. d5 Nd4 12. Nxd4 exd4 13. Qf3 c6 14.
O-O-O cxd5 15. exd5 Re8 16. Bd3 Re3 17. Rhe1 Rxe1 18.
Rxe1 Bd7 19. Qe4 g6 20. Qe7 Qxf4+ 21. Kb1 Bf5 22. Rf1 Qe3 23. Qxb7 Rf8 24. Bxf5 gxf5 25. Qxa7 Qe2 26. Rc1 d3 27. cxd3 Qxd3+ 28. Ka1 Qxd5 29.
Qe3 Kh7 30. Qf3 Qe4 31. Rd1 Re8 32. Rxd6 Qc2 33. Ka2 Re2 34. Qb3 Qxb3+ 35. Kxb3 Rxg2 36.
a4 f4 37. Rf6 1-0

[Event "*** Titled Tuesday Blitz"]
[Site "Chess.com"]
[Date "2021.02.02"]
[Round "6"]
[White "Cambek64"]
[Black "GameOverBro"]
[Result "0-1"]
[WhiteElo "2281"]
[BlackElo "2438"]
[TimeControl "180+1"]
[EndTime "11:08:48 PST"]
[Termination "GameOverBro won by resignation"]

1. e3 g6 2. d4 Bg7 3. c4 Nf6 4. Nc3 O-O 5. Nf3 c5 6. d5 e6 7. e4 exd5 8. exd5 Re8+ 9. Be2 d6 10. O-O Ne4 11. Nxe4 Rxe4 12. Bd3 Re8 13. Bg5 f6 14. Bd2 Nd7 15. h3 Ne5 16. Nxe5 fxe5 17. Be4 Rf8 18. Qc2 a6 19. a4 Qh4 20. f3 Rf7 21.
Be1 Qe7 22. a5 Bh6 23. Bd2 Qh4 24. Bxh6 Qxh6 25. Qc1 Qh4 26. Qe1 Qf4 27. Qc1 Qg3 28. Qe1 Qg5 29. Qc1 Qe7 30. b4 cxb4 31. Qd2 Qc7 32.
Qxb4 Bd7 33. Rfc1 Rc8 34. Rab1 Be8 35. Qb6 Qe7 36. c5 Qg5 37. c6 bxc6 38. dxc6 Rfc7 39.
Qxa6 Kg7 40. Qb6 Qd2 41. Rd1 Qa2 42. Rxd6 Kh6 43. Rb2 Qa3 44. Kh2 Qxd6 45. Qe3+ Kg7 46. Rd2 Qb4 47. Bd5 Qf4+ 48. Qxf4 exf4 0-1

[Event "*** Titled Tuesday Blitz"]
[Site "Chess.com"]
[Date "2021.02.02"]
[Round "6"]
[White "Chimpinha"]
[Black "Ariadna_Atreides"]
[Result "1-0"]
[WhiteElo "2394"]
[BlackElo "2173"]
[TimeControl "180+1"]
[EndTime "11:08:48 PST"]
[Termination "Chimpinha won by resignation"]

1. d4 g6 2. c4 Bg7 3. Nc3 c5 4. d5 Bxc3+ 5. bxc3 f5 6. e4 fxe4 7. f3 d6 8. fxe4 Nf6 9. Bd3 O-O 10. Nf3 Qa5 11. O-O Bg4 12. Rb1 b6 13. Bh6 Re8 14.
e5 dxe5 15. Qe2 Nbd7 16. h3 Bxf3 17. Rxf3 e6 18. Rbf1 exd5 19. Rxf6 Nxf6 20. Rxf6 e4 21. Bc2 Qxc3 22. Rd6 Qxc4 23. Qf2 Qd4 24. Be3 Qa1+ 25.
Kh2 Qe5+ 26. Bf4 Qe7 27. Rxd5 e3 28. Qe2 Rad8 29. Rxd8 Rxd8 30. Bb3+ Kf8 31. Bh6+ Ke8 32. Ba4+ Kf7 33. Qf3+ Qf6 34. Qxe3 Qd6+ 35. Bf4 Qd4 36. Bb3+ Kf8 37. Bh6+ Qg7 38. Bxg7+ Kxg7 39. Qe7+ 1-0

[Event "*** Titled Tuesday Blitz"]
[Site "Chess.com"]
[Date "2021.02.02"]
[Round "6"]
[White "Matols"]
[Black "InitiatingASC"]
[Result "1-0"]
[WhiteElo "2279"]
[BlackElo "2403"]
[TimeControl "180+1"]
[EndTime "11:08:48 PST"]
[Termination "Matols won by resignation"]

1. d4 Nf6 2. c4 e6 3. g3 c5 4. d5 exd5 5. cxd5 d6 6. Nc3 a6 7. a4 g6 8. Bg2 Bg7 9. Nf3 O-O 10. O-O Re8 11. Nd2 Nbd7 12. h3 Qa5 13. Nc4 Qc7 14. Bf4 Bf8 15. Qc2 Ne5 16. Nxe5 dxe5 17.
Bg5 Nd7 18. e4 f6 19. Be3 Bd6 20. a5 b5 21. axb6 Qxb6 22. Na4 Qb4 23. Rfc1 Rb8 24.
Nxc5 Qxb2 25. Qxb2 Rxb2 26. Nxd7 Bxd7 27. Rxa6 Bb4 28.
Rxf6 Rc8 29. Rxc8+ Bxc8 30. Rb6 Kf7 31. Kh2 Bc3 32.
Rxb2 Bxb2 33. f4 Ke7 34. g4 Bb7 35. Kg3 Kd6 36. fxe5+ Kxe5 37. Bf4+ Kd4 38. Kh4 Ba3 39. Kg5 Bc8 40. Kf6 h5 41. gxh5 gxh5 42. e5 Bb7 43. e6 h4 44. Be5+ Ke3 45. e7 Bxe7+ 46.
Kxe7 Kf2 47. Be4 Ke3 48. Bh1 Kf2 49. d6 Bxh1 50. d7 Bg2 51. d8=Q 1-0

[Event "*** Titled Tuesday Blitz"]
[Site "Chess.com"]
[Date "2021.02.02"]
[Round "6"]
[White "AlexeiShirov"]
[Black "ChessWarrior7197"]
[Result "0-1"]
[WhiteElo "2829"]
[BlackElo "2918"]
[TimeControl "180+1"]
[EndTime "11:08:49 PST"]
[Termination "ChessWarrior7197 won by resignation"]

1. e4 e5 2. Nf3 Nc6 3. Bb5 f5 4. d3 fxe4 5. dxe4 Nf6 6. O-O d6 7. Nc3 Be7 8. Nd5 O-O 9. Ng5 Ng4 10. h4 Kh8 11. f3 Nh6 12. c3 Nf7 13. Nxe7 Qxe7 14.
Bc4 Nxg5 15. Bxg5 Qe8 16. Qd5 h6 17. Be3 Nd8 18. Qd2 Be6 19. Bd3 Qe7 20. g3 Nc6 21. Kg2 Rf6 22. f4 exf4 23. Rxf4 Raf8 24. Raf1 Ne5 25. b3 Bd7 26. Rxf6 Rxf6 27. Rxf6 Qxf6 28. Bf4 Bc6 29. Bxe5 Qxe5 30. Kf3 d5 31. Qf4 dxe4+ 32.
Bxe4 Qxc3+ 33. Kg4 Bd7+ 34. Bf5 Qc6 35. Bxd7 Qxd7+ 36. Kf3 Kg8 37. Qe3 b6 38. Kg2 c6 39.
Qf4 h5 40. Qb8+ Kh7 41. Kh2 Qd2+ 42. Kh3 Qc1 43. Kh2 Qb2+ 44. Kh3 Qb1 45. Kh2 Qxa2+ 0-1

[Event "*** Titled Tuesday Blitz"]
[Site "Chess.com"]
[Date "2021.02.02"]
[Round "6"]
[White "isla88"]
[Black "MattyDPerrine"]
[Result "0-1"]
[WhiteElo "2304"]
[BlackElo "2450"]
[TimeControl "180+1"]
[EndTime "11:08:49 PST"]
[Termination "MattyDPerrine won by resignation"]

1. d4 Nf6 2. Nc3 d5 3. Bf4 a6 4. e3 e6 5. Nf3 c5 6. Ne5 cxd4 7. exd4 Qb6 8. Qd2 Qxb2 9. Rb1 Qa3 10. Bb5+ axb5 11.
Nxb5 Qa5 12. Qxa5 Rxa5 13. Bd2 Rxa2 14. Nc7+ Kd8 15. Nxf7+ Kxc7 16. Bf4+ Kd7 17. Bxb8 Rg8 18. Ne5+ Ke8 19. O-O Nd7 20. Bc7 Nxe5 21. Bxe5 Kd7 22. Rb6 Rxc2 23. Rfb1 Rc6 24. Rxc6 bxc6 25. Rb8 Bd6 26.
Bxd6 Kxd6 27. Ra8 e5 28. dxe5+ Kxe5 29. f3 Be6 30. Ra1 Rc8 31. Re1+ Kd6 32. Kf2 c5 33. g4 c4 34. Ke3 Kc5 35. Kd2 Rc6 36. h3 d4 37. Re5+ Kb4 38. Re4 Rd6 39. f4 c3+ 40.
Kc2 Bb3+ 41. Kd3 Bc4+ 42. Kc2 d3+ 43. Kd1 Kb3 44. Re8 Kb2 45. Rb8+ Bb3+ 46. Ke1 d2+ 0-1

[Event "*** Titled Tuesday Blitz"]
[Site "Chess.com"]
[Date "2021.02.02"]
[Round "6"]
[White "Treasurechess777"]
[Black "Vandros57"]
[Result "1/2-1/2"]
[WhiteElo "2399"]
[BlackElo "2238"]
[TimeControl "180+1"]
[EndTime "11:08:49 PST"]
[Termination "Game drawn by repetition"]

1. Nf3 d5 2. b3 Nf6 3. Bb2 e6 4. d4 c5 5. e3 Nc6 6. a3 Be7 7.
Bd3 O-O 8. Nbd2 b6 9. O-O Bb7 10. c4 dxc4 11. bxc4 cxd4 12. exd4 Rc8 13. Rc1 Re8 14. Qe2 Bf8 15. Bb1 Ne7 16. Ne5 Ng6 17. f4 Nd7 18. Ne4 Bxe4 19. Qxe4 Ndxe5 20. fxe5 Qh4 21. Qb7 Qe7 22. Qe4 Qh4 23. Qb7 Qe7 24. Qf3 Red8 25. g3 Rd7 26. Rf2 Qd8 27. Bd3 Rxd4 28.
Qxf7+ Kh8 29. Bxd4 Qxd4 30. Bxg6 hxg6 31. Qxg6 Bc5 32.
Qh5+ Kg8 33. Qf7+ Kh8 34. Rf1 Rf8 35. Qh5+ Kg8 36. Qe2 Rxf2 37. Rxf2 Qa1+ 38. Kg2 Bxf2 39. Kxf2 Qxa3 40. Kg2 Qc5 41. Qh5 Qe7 42. g4 Qd7 43. g5 Qd2+ 44. Kf1 Qd3+ 45. Kg2 Qd2+ 46. Kf1 Qd3+ 47. Kg2 Qd2+ 1/2-1/2

[Event "*** Titled Tuesday Blitz"]
[Site "Chess.com"]
[Date "2021.02.02"]
[Round "6"]
[White "KetiGrant"]
[Black "FearNoEvil12"]
[Result "1-0"]
[WhiteElo "2370"]
[BlackElo "2193"]
[TimeControl "180+1"]
[EndTime "11:08:49 PST"]
[Termination "KetiGrant won by checkmate"]

1. e4 a6 2. d4 b5 3. Nf3 Bb7 4. Bd3 e6 5. O-O Nf6 6. Re1 d6 7. a4 b4 8. Nbd2 Nbd7 9. a5 Rg8 10. Nc4 h6 11. e5 Nd5 12. Bh7 Rh8 13. Be4 g5 14. h3 Rg8 15. Nh2 g4 16. Nxg4 Qh4 17.
Qf3 h5 18. Nh6 Bxh6 19. Bxh6 dxe5 20. Nxe5 Nxe5 21. dxe5 O-O-O 22. Rad1 Qe7 23. Rd3 c5 24. c4 bxc3 25. bxc3 Qc7 26. c4 Nb4 27. Rxd8+ Rxd8 28. Bg5 Rd3 29. Bxb7+ Qxb7 30. Qxh5 Qd7 31. Qh8+ Kb7 32. Qf6 Rd1 33. Rxd1 Qxd1+ 34. Kh2 Qd7 35. h4 Nc6 36. h5 Nxa5 37. h6 Nxc4 38. h7 a5 39. h8=Q a4 40.
Qhd8 Qc6 41. Qxf7+ Ka6 42. Qfc7 Qxc7 43. Qxc7 Kb5 44. Qd7+ Kb4 45. Qxe6 a3 46. Qa6 Na5 47. Bd2+ Kb3 48. Qxa5 a2 49. e6 c4 50. e7 c3 51.
Qxc3+ Ka4 52. e8=Q# 1-0

[Event "*** Titled Tuesday Blitz"]
[Site "Chess.com"]
[Date "2021.02.02"]
[Round "6"]
[White "Nozdrachev_Leonid"]
[Black "GumisGLHF"]
[Result "0-1"]
[WhiteElo "2514"]
[BlackElo "2364"]
[TimeControl "180+1"]
[EndTime "11:08:50 PST"]
[Termination "GumisGLHF won on time"]

1. e4 g6 2. d4 Bg7 3. Nc3 c6 4. Nf3 d6 5. h3 b5 6. Be2 a6 7.
O-O Qc7 8. Re1 e5 9. dxe5 dxe5 10. Be3 Nf6 11. Bc5 Bf8 12. Bxf8 Kxf8 13. Qd2 Kg7 14. Bd3 Be6 15. Ng5 Re8 16. a4 b4 17. Nd1 a5 18.
Ne3 Nbd7 19. c3 Nc5 20. Bc2 Rad8 21. Qe2 Bb3 22. Bxb3 Nxb3 23. Rad1 h6 24. Nf3 Nc5 25.
Nh4 bxc3 26. bxc3 Rxd1 27. Rxd1 Ncxe4 28. Qc4 Nd6 29. Qe2 Rd8 30. Qa6 Kh7 31. Rb1 Nd5 32.
Nf3 Nxe3 33. fxe3 Rd7 34. Nxe5 Re7 35. Nxc6 Rxe3 36. Rc1 Nf5 37. Rf1 Re6 38. Qxa5 Qxc6 39. Qb5 Qxc3 40. Kh2 Qe5+ 0-1

[Event "*** Titled Tuesday Blitz"]
[Site "Chess.com"]
[Date "2021.02.02"]
[Round "6"]
[White "StockholmMissile"]
[Black "krasavetc"]
[Result "0-1"]
[WhiteElo "2500"]
[BlackElo "2360"]
[TimeControl "180+1"]
[EndTime "11:08:50 PST"]
[Termination "krasavetc won on time"]

1. c4 Nf6 2. Nf3 e6 3. e3 d5 4.
Nc3 c6 5. b3 Be7 6. Bb2 O-O 7.
Rg1 Ne4 8. Qc2 f5 9. d3 Nxc3 10. Bxc3 Bf6 11. O-O-O a5 12. g4 fxg4 13. Rxg4 a4 14. Ne5 axb3 15. axb3 b5 16. f4 Qb6 17. Bd4 c5 18. Bb2 Na6 19. Qg2 Ra7 20. cxd5 exd5 21. Qxd5+ Be6 22. Qg2 Bxg4 23. Qxg4 Nb4 24. Bh3 c4 25.
Qe6+ Qxe6 26. Bxe6+ Kh8 27. dxc4 bxc4 28. Bxc4 g6 29.
Rd6 Bg7 30. Rb6 Na2+ 31. Kb1 Rfa8 32. Nf7+ Rxf7 33. Bxf7 Nc3+ 34. Bxc3 Bxc3 35. Kc2 Be1 36. b4 Bf2 37. Kd2 Ra7 0-1

[Event "*** Titled Tuesday Blitz"]
[Site "Chess.com"]
[Date "2021.02.02"]
[Round "6"]
[White "Onischuk_V"]
[Black "Chernobay_Artem"]
[Result "1-0"]
[WhiteElo "2827"]
[BlackElo "2594"]
[TimeControl "180+1"]
[EndTime "11:08:51 PST"]
[Termination "Onischuk_V won on time"]

1. e4 c5 2. Ne2 d6 3. g3 Nf6 4.
Bg2 g6 5. c3 Bg7 6. d4 cxd4 7.
cxd4 O-O 8. Nbc3 e5 9. O-O Nc6 10. dxe5 dxe5 11. Nd5 h6 12. Be3 Be6 13. Rc1 Rc8 14.
Qb3 b6 15. Rfd1 Na5 16. Rxc8 Bxc8 17. Nxf6+ Qxf6 18. Qd3 Bg4 19. h3 Bf3 20. Bxf3 Qxf3 21. Nc3 Nc6 22. Nd5 f5 23. Rc1 fxe4 24. Qc4 Nd4 25.
Nf4+ Kh7 26. Ne6 Ne2+ 27. Kh2 Nxc1 28. Nxf8+ Bxf8 29. Qxc1 Qf7 30. b3 Bb4 31. Qc6 h5 32. h4 Be1 33. Kg1 Bb4 34. Qxe4 Bd6 35. Kg2 Qf5 36.
Qb7+ Kg8 37. Qxa7 e4 38. Qxb6 Qf3+ 39. Kg1 Qd1+ 40. Kh2 1-0

[Event "*** Titled Tuesday Blitz"]
[Site "Chess.com"]
[Date "2021.02.02"]
[Round "6"]
[White "Rud_Makarian"]
[Black "LiamVrolijk"]
[Result "1/2-1/2"]
[WhiteElo "2912"]
[BlackElo "2856"]
[TimeControl "180+1"]
[EndTime "11:08:52 PST"]
[Termination "Game drawn by agreement"]

1. d4 Nf6 2. c4 e6 3. Nf3 d5 4. Nc3 Be7 5. Bf4 O-O 6. e3 Nbd7 7. a3 c5 8. cxd5 Nxd5 9. Nxd5 exd5 10. dxc5 Nxc5 11. Be5 Bg4 12. Be2 Bxf3 13. Bxf3 Bf6 14. Bxf6 Qxf6 15. O-O Rad8 16. b4 Ne6 17. Qb3 d4 18.
Bxb7 dxe3 19. Qxe3 Nd4 20. Rad1 Rfe8 21. Qh3 Qb6 22.
Bf3 Rd6 23. Rfe1 Red8 24. Rc1 g6 25. Qg4 a5 26. bxa5 Qxa5 27. Re3 Qd2 28. Rf1 h5 29. Qf4 Nc2 30. Re4 Qxf4 31. Rxf4 Nxa3 32. h4 Kg7 33. Rc1 Nb5 34. g3 Nd4 35. Kg2 Ne6 36. Ra4 R8d7 37. Ra2 Nd4 38. Rc3 Nf5 39. Be4 Nh6 40. Re3 Ng4 41. Ree2 Nf6 42. Bf3 Rd4 43. Rec2 Re7 44. Re2 Rxe2 45. Rxe2 Rd7 46. Rc2 Ng8 47. Re2 Ne7 48. Rb2 Nf5 49. Be4 Kf6 50. Bxf5 Kxf5 51.
Rb4 1/2-1/2

[Event "*** Titled Tuesday Blitz"]
[Site "Chess.com"]
[Date "2021.02.02"]
[Round "6"]
[White "Make_it_shine060"]
[Black "Lady_Nika"]
[Result "0-1"]
[WhiteElo "2171"]
[BlackElo "2394"]
[TimeControl "180+1"]
[EndTime "11:08:52 PST"]
[Termination "Lady_Nika won by resignation"]

1. d4 d5 2. c4 e6 3. Nf3 f5 4. Nc3 Nf6 5. Bg5 c6 6. g3 Be7 7.
Bg2 O-O 8. O-O Nbd7 9. Qc2 Ne4 10. Bxe7 Qxe7 11. e3 Rf6 12. Rfd1 Rh6 13. Rac1 g5 14. a3 Nf8 15. Ne5 Ng6 16. cxd5 exd5 17. Nxg6 hxg6 18.
Qb3 Be6 19. Qb4 Qh7 20. h3 f4 21.
g4 f3 22. Bxf3 Rxh3 23. Bg2 Nxc3 24. bxc3 Rh2 25. Qd6 Bxg4 26. Qxh2 Qxh2+ 27. Kxh2 Bxd1 28. Rxd1 Kg7 29. Kg3 Rh8 30. Rb1 b6 31. a4 Rb8 32.
Kg4 Kf6 33. f4 gxf4 34. exf4 Re8 35. Kf3 Rf8 36. Rh1 Kg7 37. Re1 g5 38. Re7+ Kg8 39. Rxa7 Rxf4+ 40. Kg3 Rf6 41. Ra6 Re6 42. Rxb6 Re3+ 43.
Kg4 Rxc3 44. a5 Rc4 45. a6 Rxd4+ 46. Kxg5 Ra4 47. Rxc6 d4 48. Bd5+ Kf8 49. Rf6+ Ke7 50. Bb7 d3 51. Rf3 d2 52. Rd3 Ra5+ 53. Kg4 Ra4+ 54.
Kg3 Ra3 55. Rxa3 d1=Q 56. a7 Qd6+ 57. Kg2 Qg6+ 58. Kf2 Qb6+ 59. Ke1 Qb4+ 60. Kf1 Qb5+ 61. Kg1 Qb6+ 62. Kh1 Qxb7+ 63. Kg1 Qb6+ 64. Kh2 Qd6+ 65.
Kh3 Qxa3+ 0-1

[Event "*** Titled Tuesday Blitz"]
[Site "Chess.com"]
[Date "2021.02.02"]
[Round "6"]
[White "DonPreuss"]
[Black "MrChampion_Coach"]
[Result "1-0"]
[WhiteElo "2220"]
[BlackElo "2403"]
[TimeControl "180+1"]
[EndTime "11:08:52 PST"]
[Termination "DonPreuss won on time"]

1. d4 Nf6 2. Nc3 d5 3. e4 Nxe4 4. Nxe4 dxe4 5. Bc4 c5 6. d5 g6 7. f3 Bf5 8. Qe2 e3 9. Bxe3 Bg7 10. c3 O-O 11.
Qd2 Nd7 12. g4 Ne5 13. Be2 Bc8 14. h4 e6 15. Bxc5 Re8 16. d6 b6 17. Be3 Bb7 18. Rh3 Bd5 19. h5 Qxd6 20. Bh6 Bh8 21. hxg6 fxg6 22. O-O-O Qc6 23. Be3 Rad8 24. Bd4 Bxa2 25.
Qh6 Qc7 26. f4 Nc4 27. Qxg6+ hxg6 28. Rxh8+ Kf7 29. Rh7+ Kg8 30. Rxc7 e5 31. Bxc4+ Bxc4 32. Rxc4 exd4 33. Rcxd4 Rc8 34. Nf3 Re3 35. Ng5 Rce8 36. Rd8 Re7 37. Rxe8+ Rxe8 38. Rd7 Rf8 39. Ne6 Rf6 40.
Re7 1-0

[Event "*** Titled Tuesday Blitz"]
[Site "Chess.com"]
[Date "2021.02.02"]
[Round "6"]
[White "FMalexhdez"]
[Black "dianamirza"]
[Result "1-0"]
[WhiteElo "2196"]
[BlackElo "1913"]
[TimeControl "180+1"]
[EndTime "11:08:52 PST"]
[Termination "FMalexhdez won on time"]

1. e4 d5 2. exd5 Qxd5 3. Nc3 Qd8 4. Nf3 g6 5. g3 Bg7 6. Bg2 Nf6 7. O-O O-O 8. d4 c6 9. h3 Nbd7 10. Re1 Nb6 11. Ne5 Nfd5 12. Nxd5 Nxd5 13. c4 Nf6 14. Be3 Be6 15. Rc1 Nd7 16. f4 Nxe5 17. dxe5 Qc8 18. Kh2 Qc7 19. Qe2 b6 20. Red1 Rad8 21. b4 Rxd1 22.
Rxd1 Rd8 23. c5 Rxd1 24. Qxd1 Bxa2 25. Qa4 Bd5 26. Bxd5 cxd5 27. Qe8+ Bf8 28. c6 e6 29. b5 Kg7 30. Qa8 Be7 31. Bd4 h5 32. g4 hxg4 33. hxg4 Bd8 34. Kg2 Kf8 35. Kf3 Ke7 36.
Bc3 Ke8 37. Bb4 g5 38. Bd6 1-0

[Event "*** Titled Tuesday Blitz"]
[Site "Chess.com"]
[Date "2021.02.02"]
[Round "6"]
[White "Shepherdboy"]
[Black "KruHor"]
[Result "1-0"]
[WhiteElo "2431"]
[BlackElo "2569"]
[TimeControl "180+1"]
[EndTime "11:08:53 PST"]
[Termination "Shepherdboy won by resignation"]

1. d4 Nf6 2. c4 e6 3. Nf3 c5 4. d5 d6 5. Nc3 exd5 6. cxd5 g6 7. h3 Qe7 8. Bf4 a6 9. a4 Nbd7 10. e3 Bg7 11. Be2 O-O 12. O-O Rb8 13. Re1 Ne8 14. Nd2 Ne5 15. e4 Nc7 16. Bh2 b5 17. f4 Nd7 18. axb5 Nxb5 19. Rc1 Nd4 20.
Bd3 Rxb2 21. Nc4 Rb4 22. e5 dxe5 23. fxe5 Rxc4 24. Bxc4 Nxe5 25. Bf1 Bf5 26. Kh1 h5 27. Bxa6 Qd6 28. Bf1 Rb8 29. Ne4 Bxe4 30. Rxe4 Re8 31. Qe1 f5 32. Re3 g5 33. Qd1 f4 34. Qxh5 Rf8 35.
Rec3 Qf6 36. Rxc5 f3 37. Rc8 fxg2+ 38. Bxg2 Nd3 39. Rxf8+ Bxf8 40. Rf1 Nf2+ 41. Kg1 Bc5 42. Rxf2 Ne2+ 43. Qxe2 Qa1+ 44. Qf1 1-0